 Dungeon Crawl Stone Soup version 0.31.0-11-ge490571c62 (webtiles) character file.

Game seed: 5664189480218906196

5163 Armakuni the Skirmisher (level 10, -1/50 (56) HPs)
             Began as a Deep Elf Gladiator on Jan 27, 2024.
             Was a Believer of Vehumet.
             Slain by an orc knight
             ... wielding a +0 halberd
              (2 damage)
             ... in a bailey.
             The game lasted 00:30:45 (7983 turns).

Armakuni the Skirmisher (Deep Elf Gladiator)        Turns: 7983, Time: 00:30:46

HP:   -1/50 (56)    AC: 12    Str: 11    XL:     10   Next: 33%
MP:   17/17         EV: 11    Int: 18    God:    Vehumet [**....]
Gold: 150           SH:  0    Dex: 16    Spells: 8/16 levels left

rFire   . . .        a - +1 shortbow (heavy)
rCold   . . .        (shield currently unavailable)
rNeg    + . .        i - +0 swamp dragon scales
rPois   +            B - +1 helmet
rElec   .            G - +0 cloak
rCorr   .            (no gloves)
SInv    .            s - +1 pair of boots
Will    +....        (no amulet)
Stlth   +            N - ring of positive energy
HPRegen 0.28/turn    W - ring of wizardry
MPRegen 0.15/turn

%: wizardry (x1)
@: heavily drained
A: sense surroundings 1, wild magic 1
a: Renounce Religion


You were in a bailey.
You worshipped Vehumet.
Vehumet was pleased with you.
You visited 2 branches of the dungeon, and saw 10 of its levels.
You also visited: Bailey.

You collected 468 gold pieces.
You spent 318 gold pieces at shops.

Inventory:

Hand Weapons
 a - a +1 heavy shortbow (weapon)
 o - a +3 heavy sling
Missiles
 e - a javelin
Armour
 i - +0 swamp dragon scales (worn)
 s - a +1 pair of boots (worn)
 t - an orb of light
 w - a +2 ring mail of fire resistance
 B - a +1 helmet (worn)
 G - a +0 cloak (worn)
Magical Staves
 k - a staff of air
Jewellery
 F - a ring of protection from fire
 I - a ring of see invisible
 L - a ring of flight
 N - a ring of positive energy (left hand)
 T - a ring of protection from fire
 W - a ring of wizardry (right hand)
Wands
 v - a wand of flame (27)
 y - a wand of digging (7)
Scrolls
 l - a scroll of silence
 D - 2 scrolls of vulnerability
 E - 2 scrolls of enchant armour
Potions
 f - 4 potions of curing
 g - 2 potions of cancellation
 h - a potion of berserk rage
 j - a potion of mutation
 p - a potion of lignification
 q - 2 potions of heal wounds
 r - 3 potions of brilliance


   Skills:
 - Level 4.0 Fighting
 - Level 3.9 Staves
 - Level 14.0 Ranged Weapons
 - Level 2.0 Throwing
 - Level 3.6 Dodging
 - Level 3.9 Spellcasting
 + Level 5.4 Conjurations
 - Level 3.9 Hexes
 + Level 5.5 Translocations
 - Level 4.0 Evocations


You had 8 spell levels left.
You knew the following spells:

 Your Spells              Type           Power      Damage    Failure   Level
m - Iskenderun's Mystic   Conj/Tloc      30%        2d8       21%         4
p - Dimensional Bullseye  Hex/Tloc       13%        N/A       26%         4

Your spell library contained the following spells:

 Spells                   Type           Power      Damage    Failure   Level
 Searing Ray              Conj           60%        2d6       4%          2
 Shock                    Conj/Air       68%        1d7       7%          1
 Sigil of Binding         Hex            23%        N/A       12%         3
 Volatile Blastmotes      Fire/Tloc      34%        2d12      19%         3
 Manifold Assault         Tloc           30%        N/A       21%         4
 Inner Flame              Hex/Fire       13%        N/A       24%         3
 Cigotuvi's Dreadful Rot  Necr/Alch/Air  8%         N/A       28%         2
 Call Canine Familiar     Summ           4%         N/A       45%         3
 Fugue of the Fallen      Necr           4%         N/A       45%         3
 Ozocubu's Armour         Ice            4%         N/A       45%         3
 Swiftness                Air            4%         N/A       45%         3
 Fulminant Prism          Conj/Alch      8%         3d7       47%         4
 Irradiate                Conj/Alch      8%         3d14      80%         5
 Airstrike                Air            2%         2d(1-17)  83%         4
 Dispel Undead            Necr           4%         3d7       83%         4
 Martyr's Knell           Necr/Summ      4%         N/A       83%         4
 Death Channel            Necr           2%         N/A       100%        6
 Sculpt Simulacrum        Ice/Alch       2%         N/A       100%        6
 Ozocubu's Refrigeration  Ice            2%         4d7       100%        7
 Ignition                 Fire           2%         3d3       100%        8
 Polar Vortex             Ice            2%         N/A       100%        9


Dungeon Overview and Level Annotations

Branches:
Dungeon (9/15)             Temple (1/1) D:5          Bailey (1/1)
   Lair: D:8-11         Orc: D:9-12

Altars:
Ashenzari
Cheibriados
Elyvilon
Fedhas
Gozag
Hepliaklqana
Makhleb
Nemelex Xobeh
Okawaru
Qazlal
Ru
Sif Muna
Trog
Uskayaw
Vehumet
Wu Jian
Xom
Yredelemnul
Zin
The Shining One

Shops:
D:1 (!:=   D:4 (

Annotations:
D:5 2 runed translucent doors, Skimidon's ghost, novice GnWn


Innate Abilities, Weirdness & Mutations

You passively map a small area around you.
Your spells are a little harder to cast, but a little more powerful.


Message History

The arrow closely misses the orc knight.
The orc knight hits you from afar with a +0 halberd!
You shoot an arrow.
The arrow closely misses the orc knight.
The orc knight hits you from afar with a +0 halberd!
You shoot an arrow.
The arrow closely misses the orc knight.
The orc knight barely misses you.
You shoot an arrow. The arrow hits the orc knight!!
Flame seeps out of the orc knight.
The orc knight is moderately wounded.
The orc knight is engulfed in blazing flames.
Flame seeps out of the orc knight.
The orc knight hits you from afar with a +0 halberd!
The orc knight is engulfed in blazing flames.
Flame seeps out of the orc knight.
There is a fountain of clear blue water here.
Aiming: Charm
Press: ? - help, Shift-Dir - straight line, f/p - orc knight
Aim: an orc knight, wielding a +0 halberd (heavily wounded, inner flame, chance to affect: 41%)
The orc knight resists with some effort.
The now-empty wand crumbles to dust.
The orc knight hits you from afar with a +0 halberd!
* * * LOW HITPOINT WARNING * * *
Unknown command.
Unknown command.
Unknown command.
Unknown command.
Unknown command.
Unknown command.
Fire: a) +1 shortbow (heavy)
Press: ? - help, Q - select action, (/) - cycle Shift-Dir - straight line, f/p - orc knight
Aim: an orc knight, wielding a +0 halberd (heavily wounded, inner flame, 62% to hit)
You shoot an arrow. The arrow hits the orc knight!
Flame seeps out of the orc knight.
The orc knight is severely wounded.
The orc knight is engulfed in blazing flames.
Flame seeps out of the orc knight.
The orc knight hits you from afar with a +0 halberd.
You die...

### ### ##### ### ###
#∩###.###)'.###.###.#
##'##'##'###'##'##'##
##.....## ##.....##
###.....#####.....###
#)'..∩..'.#.'..@..'.#
###.....#####.....###
##.....## ##....o##
##'##'##'###'##'##'##
#)###)###.#)###)###.#
### ### ##### ### #'#
, , #.#o###)###)#
*+##+ +###'##'##)##
#!.!,, * ##.....##


You could see an orc knight (inner flame).

Vanquished Creatures
  Maggie (D:8)
  A shadow (D:6)
  5 yaks (D:5)
  5 sky beasts
  A black bear (D:3)
  6 ice beasts
  4 orc warriors
  4 centaurs
  2 phantoms (D:5)
  A kobold brigand (D:7)
  A bullfrog (D:9)
  2 gnoll sergeants
  2 scorpions
  8 wights (D:8)
  5 howler monkeys
  2 jellies
  3 bombardier beetles
  7 hounds
  3 orc priests
  Jessica (D:2)
  An iguana (D:5)
  6 orc wizards
  21 gnolls
  7 adders
  A white imp (D:6)
  4 ufetubi (D:6)
  6 dart slugs
  38 orcs
  7 bats
  7 endoplasms
  3 giant cockroaches
  8 goblins
  9 hobgoblins
  2 jackals (D:4)
  3 quokkas
  11 ball pythons
  2 frilled lizards (D:1)
  15 kobolds
  6 rats
221 creatures vanquished.

Vanquished Creatures (others)
  3 gnolls (Bailey)
3 creatures vanquished.

Grand Total: 224 creatures vanquished

Notes
Turn   | Place    | Note
-------+----------+-------------------------------------------
     0 | D:1      | Armakuni the Deep Elf Gladiator began the quest for the
                  | Orb.
     0 | D:1      | Reached XP level 1. HP: 12/12 MP: 3/3
    77 | D:1      | Found Gopsydgh Udie's Distillery.
   103 | D:1      | Bought a potion of degeneration for 10 gold pieces
   112 | D:1      | Reached XP level 2. HP: 16/16 MP: 4/4
   242 | D:1      | Found Iquxege's Antique Weapon Shoppe.
   468 | D:1      | Found Atiohir's Book Shoppe.
   533 | D:1      | Reached XP level 3. HP: 21/21 MP: 5/5
   588 | D:1      | Found a faded altar of an unknown god.
   589 | D:1      | You fall into a shaft and drop 1 floor!
   591 | D:2      | Noticed Jessica
   601 | D:2      | Killed Jessica
   729 | D:1      | Found Inufrollaz's Jewellery Boutique.
  1137 | D:2      | Reached XP level 4. HP: 25/27 MP: 6/6
  1261 | D:2      | Identified the +8 battleaxe of Unpleasantness {speed, rPois
                  | rC+ rN+ Dex+5}
  1613 | D:3      | Reached skill level 1 in Ranged Weapons
  1654 | D:3      | Reached skill level 2 in Ranged Weapons
  1735 | D:3      | Noticed a black bear
  1745 | D:3      | Killed a black bear
  1746 | D:3      | Reached skill level 4 in Ranged Weapons
  1746 | D:3      | Reached XP level 5. HP: 32/32 MP: 7/7
  1937 | D:3      | Reached skill level 5 in Ranged Weapons
  2306 | D:3      | Reached XP level 6. HP: 36/36 MP: 8/8
  2479 | D:4      | Found Tuacsiune's Weapon Emporium.
  2517 | D:4      | Reached skill level 6 in Ranged Weapons
  2563 | D:4      | Reached skill level 7 in Ranged Weapons
  2759 | D:4      | Reached skill level 8 in Ranged Weapons
  2759 | D:4      | Reached XP level 7. HP: 40/40 MP: 9/9
  2922 | D:5      | Entered Level 5 of the Dungeon
  3053 | D:5      | Noticed a yak
  3068 | D:5      | Noticed a yak
  3069 | D:5      | Killed a yak
  3070 | D:5      | Reached skill level 9 in Ranged Weapons
  3071 | D:5      | Noticed a yak
  3072 | D:5      | Noticed a yak
  3074 | D:5      | Killed a yak
  3074 | D:5      | Noticed a yak
  3075 | D:5      | Reached skill level 10 in Ranged Weapons
  3181 | D:5      | Learned a level 4 spell: Dimensional Bullseye
  3193 | D:4      | Reached XP level 8. HP: 31/45 MP: 10/10
  3194 | D:4      | Reached skill level 11 in Ranged Weapons
  3252 | D:5      | Learned a level 3 spell: Call Canine Familiar
  3308 | D:5      | Found a runed translucent door.
  3319 | D:5      | HP: 1/45 [yak (13)]
  3504 | D:5      | Found a runed translucent door.
  3511 | D:5      | Noticed Skimidon's ghost (novice GnWn)
  3574 | D:5      | Found a staircase to the Ecumenical Temple.
  3583 | Temple   | Entered the Ecumenical Temple
  3617 | D:5      | Reached skill level 12 in Ranged Weapons
  3641 | D:5      | Reached skill level 13 in Ranged Weapons
  3986 | D:6      | Reached skill level 14 in Ranged Weapons
  3986 | D:6      | Reached XP level 9. HP: 35/50 MP: 11/11
  4077 | D:6      | Found an ornate altar of the Wu Jian Council.
  4231 | D:6      | Reached skill level 1 in Spellcasting
  4231 | D:6      | Reached skill level 1 in Hexes
  4880 | D:1      | Bought a book of Blasting for 308 gold pieces
  4886 | D:1      | Learned a level 4 spell: Iskenderun's Mystic Blast
  5144 | D:7      | HP: 2/52 [centaur/arrow (6)]
  5325 | D:7      | Reached skill level 1 in Evocations
  5571 | D:7      | Found a radiant altar of Vehumet.
  5581 | D:7      | Became a worshipper of Vehumet
  5738 | D:7      | Reached skill level 1 in Conjurations
  5738 | D:7      | Reached skill level 1 in Translocations
  5841 | D:7      | Identified the amulet of Rusokyajaq {Faith Int+3}
  5963 | D:7      | Noticed a skeletal warrior
  6360 | D:7      | Reached XP level 10. HP: 56/56 MP: 17/17
  6487 | D:6      | Gained mutation: Your spells are a little harder to cast,
                  | but a little more powerful. [potion of mutation]
  6487 | D:6      | Gained mutation: You passively map a small area around you.
                  | [potion of mutation]
  6718 | D:8      | Reached * piety under Vehumet
  6718 | D:8      | Offered knowledge of Sandblast by Vehumet.
  6746 | D:8      | Found an iron altar of Okawaru.
  6853 | D:8      | Found a white marble altar of Elyvilon.
  7025 | D:8      | Noticed Maggie
  7032 | D:8      | Killed Maggie
  7038 | D:8      | Reached skill level 5 in Conjurations
  7038 | D:8      | Reached skill level 5 in Translocations
  7542 | D:9      | Found a flagged portal.
  7575 | Bailey   | Entered a bailey
  7666 | Bailey   | Offered knowledge of Searing Ray by Vehumet.
  7763 | Bailey   | Reached ** piety under Vehumet
  7790 | Bailey   | Noticed an orc knight
  7797 | Bailey   | Acquired the +7 longbow of Gallantry {drain, rF+ rCorr
                  | Str-3}
  7982 | Bailey   | HP: 1/50 [orc knight/+0 halberd (17)]
  7983 | Bailey   | Slain by an orc knight

Illustrated notes

Levels and vault maps discovered:
D:1:      saegor_arrival_simple_a, layout_basic, serial_shops, shop, shop,
          nicolae_book_shop_shelving, shop, chequers_ecumenical_altar_island
D:2:      layout_basic, uniq_jessica
D:3:      layout_basic, minmay_misc_feat_enclosed, st_stairs_12,
          minmay_misc_feat_nine_boxes, minmay_misc_feat_tiny,
          nicolae_twisty_statue_hallways
D:4:      layout_cave_pools, nicolae_overflow_hidden_temple, serial_shops,
          nicolae_shop_behind_doors
D:5:      layout_rooms, minmay_temple_entry_antechambers, ebering_ghost_sewer_f
D:6:      layout_loops_ring, mainiacjoe_overflow_concentric_impassable
D:7:      minmay_chambers_of_fours, layout_cave_pools, vehumet_altar_wand_db,
          kennysheep_generic_room_9
D:8:      layout_loops_ring, mainiacjoe_overflow_catwalk_spiral, uniq_maggie
D:9:      layout_cave_pools, enter_bailey_3
Temple:   nicolae_temple_x_marks_the_god
Bailey:   bailey_polearm_nasty_gnolls, bailey

Skill      XL: |  1  2  3  4  5  6  7  8  9 10 |
---------------+-------------------------------+-----
Fighting       | 2 3 4 |  4.0
Ranged Weapons | 4 5 8 10 14 | 14.0
Spellcasting   | 3 |  3.9
Hexes          | 3 |  3.9
Evocations     | 4 |  4.0
Conjurations   | 3 5 |  5.4
Translocations | 3 5 |  5.5
Staves         | |  3.9
Throwing       | |  2.0
Dodging        | |  3.6

Action                     |  1- 3 |  4- 6 |  7- 9 | 10-12 || total
---------------------------+-------+-------+-------+-------++-------
  Melee: Quarterstaff      |    84 |       |       |       ||    84
         Battleaxe         |       |     6 |       |       ||     6
         Shortbow          |       |       |     2 |       ||     2
   Fire: Sling             |    11 |   133 |   189 |       ||   333
         Shortbow          |       |       |    88 |   150 ||   238
  Throw: Throwing net      |     3 |       |     1 |     1 ||     5
         Dart              |       |       |       |     1 ||     1
  Evoke: Wand              |       |       |    11 |     7 ||    18
    Use: Scroll            |     3 |     4 |    13 |     2 ||    22
         Potion            |       |     1 |     5 |     6 ||    12
   Stab: Sleeping          |     2 |       |       |       ||     2
         Held in net/web   |     1 |       |       |       ||     1
 Armour: Leather armour    |    52 |    28 |       |       ||    80
         Skin              |       |    16 |       |       ||    16
         Ring mail         |       |    19 |   151 |    19 ||   189
         Swamp dragon scal |       |       |       |    58 ||    58
  Dodge: Dodged            |    72 |    64 |   108 |    58 ||   302
